 Dungeon Crawl Stone Soup version 0.30-b1-2-g02819fbbbe (webtiles) character file.

Game seed: 15265823496612291015

4461 Arzdou the Nimble (level 10, -12/85 HPs)
             Began as a Merfolk Monk on May 25, 2023.
             Mangled by an alligator snapping turtle zombie (21 damage)
             ... on level 1 of the Abyss.
             The game lasted 00:13:54 (7905 turns).

Arzdou the Nimble (Merfolk Monk)                    Turns: 7905, Time: 00:13:54

Health: -12/85     AC:  9    Str: 17 (20) XL:     10   Next: 37%
Magic:  10/10      EV: 20    Int:  8 (9)  God:
Gold:   220        SH:  0    Dex: 30 (33) Spells: 9/9 levels left

rFire   . . .        b - +1 short sword (venom)
rCold   . . .        (no shield)
rNeg    + . .        p - +0 scale mail "Liavu" {rN+ Str+8 Dex+6}
rPois   +            j - +1 hat {SInv}
rElec   .            G - +0 cloak
rCorr   .            w - +0 pair of gloves
SInv    +            (no boots)
Will    .....        (no amulet)
Stlth   +            D - +6 ring of dexterity
HPRegen 0.34/turn    s - ring of poison resistance
MPRegen 0.12/turn

%: no passive effects
@: no status effects
A: (nimble swimmer 2), mertail
a: no special abilities


You were on level 1 of the Abyss.
You visited 1 branch of the dungeon, and saw 8 of its levels.
You visited the Abyss 1 time.

You collected 262 gold pieces.
You spent 42 gold pieces at shops.

Inventory:

Hand Weapons
 a - a +0 falchion
 b - a +1 short sword of venom (weapon)
 o - a +0 scimitar
Missiles
 e - 4 poisoned darts (quivered)
 E - a curare-tipped dart
Armour
 d - an orb of light
 j - a +1 hat of see invisible (worn)
 p - the +0 scale mail "Liavu" (worn) {rN+ Str+8 Dex+6}
   (You found it on level 8 of the Dungeon)

   Str:       It affects your strength (+8).
   Dex:       It affects your dexterity (+6).
   rN:        It protects you from negative energy.
 w - a +0 pair of gloves (worn)
 y - a +2 robe of willpower
 G - a +0 cloak (worn)
Jewellery
 s - a ring of poison resistance (right hand)
 u - an amulet of faith
 D - a +6 ring of dexterity (left hand)
Wands
 c - a wand of flame (32)
 t - a wand of mindburst (10)
 z - a wand of iceblast (13)
Scrolls
 f - 3 scrolls of teleportation
 g - 2 scrolls of identify {unknown}
 l - 2 scrolls of fog {unknown}
 m - 5 scrolls of enchant armour {unknown}
 n - a scroll of magic mapping {unknown}
 q - 2 scrolls of fear {unknown}
 v - a scroll of torment {unknown}
 A - a scroll of blinking {unknown}
 C - a scroll of vulnerability {unknown}
Potions
 h - 2 potions of resistance {unknown}
 i - a potion of curing
 k - a potion of degeneration
 r - a potion of brilliance {unknown}
 x - a potion of mutation {unknown}
 B - a potion of attraction {unknown}
 F - a potion of lignification {unknown}
 H - a potion of magic {unknown}


   Skills:
 + Level 10.0 Fighting
 + Level 10.9 Long Blades
 + Level 11.8 Dodging


You had 9 spell levels left.
You didn't know any spells.
Your spell library contained the following spells:

 Spells                   Type           Power      Damage    Failure   Level
 Freeze                   Ice            0%         1d3       85%         1
 Dazzling Flash           Conj/Hex       0%         N/A       99%         3
 Frozen Ramparts          Ice            0%         1d1       99%         3
 Hailstorm                Conj/Ice       0%         3d3       99%         3
 Volatile Blastmotes      Fire/Tloc      0%         2d10      99%         3
 Iskenderun's Mystic Bla  Conj/Tloc      0%         2d3       100%        4
 Starburst                Conj/Fire      0%         6d3       100%        6


Dungeon Overview and Level Annotations

Branches:
Dungeon (8/15)             Temple (0/1) D:7
   Lair: D:8-11

Altars:
Cheibriados
Makhleb
Qazlal
Xom

Shops:
D:7 !

Annotations:
D:6 Edmund, Pikel
D:7 Joseph, Maggie


Innate Abilities, Weirdness & Mutations

((You are very nimble when in or above water. (Stealth+, EV+, Speed+++)))
Your lower body shifts to a powerful aquatic tail in water.


Message History

You closely miss the small abomination.
The small abomination is lightly damaged.
The small abomination barely misses you.
You hit the small abomination.
The small abomination is moderately damaged.
The alligator snapping turtle zombie barely misses you.
The small abomination barely misses you.
You barely miss the small abomination.
The small abomination is moderately damaged.
The small abomination misses you.
You hit the small abomination.
The small abomination is moderately damaged.
The small abomination hits you.
The alligator snapping turtle zombie misses you.
You hit the small abomination but do no damage.
The small abomination is moderately damaged.
The small abomination hits you!
* * * LOW HITPOINT WARNING * * *
You hit the small abomination.
The small abomination is moderately damaged.
The small abomination completely misses you.
The small abomination attacks as you move away!
The small abomination hits you!
* * * LOW HITPOINT WARNING * * *
The alligator snapping turtle zombie closely misses you.
You hit the alligator snapping turtle zombie but do no damage.
The small abomination misses you.
The small abomination barely misses you.
You hit the alligator snapping turtle zombie but do no damage.
The alligator snapping turtle zombie bites you.
* * * LOW HITPOINT WARNING * * *
The small abomination misses you.
You feel better. The small abomination hits you!
* * * LOW HITPOINT WARNING * * *
It was a potion of degeneration.
There was something very wrong with that liquid.
You feel weakened.
You feel dopey.
You feel clumsy.
The small abomination hits you but does no damage.
The alligator snapping turtle zombie bites you!!
You die...

# # # # ## # ..#
# .. #.# # # .
#... ..#
#...#... #
..##.#..# # #
.#.Z## .#
#≈≈≈#≈.#@###..#
# ≈ ≈##x....#
#≈≈≈.≈###.......
# ### ≈.≈# ...#
. # ## ≈≈#
#...... # § ## ≈
## ..### #.
#####≈ ~≈# #x#
#......2#..≈##
.. # ## # #. ..
#.


You could see a small abomination and an alligator snapping turtle zombie.

Vanquished Creatures
  Gastronok (D:8)
  Maurice (D:8)
  Psyche (D:8)
  A harpy zombie (Abyss:1)
  Prince Ribbit (D:8)
  Eustachio (D:6)
  2 water moccasins
  An orc warrior (D:8)
  2 black bears
  An ogre (D:5)
  A lemure (D:7)
  A phantom (D:7)
  3 centaurs
  A kobold brigand (D:8)
  Blork the orc (D:5)
  A bullfrog (D:8)
  2 scorpions
  A howler monkey (D:8)
  A crimson imp (D:5)
  An iron imp (Abyss:1)
  8 hounds
  An orc priest (D:5)
  5 iguanas
  6 orc wizards
  8 gnolls
  10 adders
  3 shadow imps
  2 worms
  10 dart slugs
  34 orcs
  7 endoplasms
  3 giant cockroaches
  12 goblins
  9 hobgoblins
  6 jackals
  11 kobolds
  2 quokkas
  7 ball pythons
  6 bats
  2 frilled lizards (D:1)
  3 rats
180 creatures vanquished.

Notes
Turn   | Place    | Note
-------+----------+-------------------------------------------
     0 | D:1      | Arzdou the Merfolk Monk began the quest for the Orb.
     0 | D:1      | Reached XP level 1. HP: 18/18 MP: 1/1
    63 | D:1      | Reached XP level 2. HP: 19/24 MP: 2/2
   256 | D:1      | Reached XP level 3. HP: 20/30 MP: 3/3
   692 | D:2      | Reached XP level 4. HP: 33/37 MP: 4/4
   745 | D:2      | Found a snail-covered altar of Cheibriados.
   880 | D:2      | Reached skill level 5 in Dodging
  1181 | D:2      | Found a faded altar of an unknown god.
  1602 | D:3      | Reached XP level 5. HP: 31/43 MP: 5/5
  1780 | D:3      | Reached skill level 5 in Long Blades
  1920 | D:3      | Found a stormy altar of Qazlal.
  2537 | D:4      | Noticed a black bear
  2549 | D:4      | Reached skill level 5 in Fighting
  2549 | D:4      | Reached XP level 6. HP: 48/51 MP: 6/6
  2562 | D:4      | Killed a black bear
  2563 | D:4      | Reached skill level 6 in Dodging
  3178 | D:4      | Reached XP level 7. HP: 49/56 MP: 7/7
  3990 | D:5      | Entered Level 5 of the Dungeon
  4205 | D:4      | Reached skill level 7 in Dodging
  4522 | D:5      | Noticed Blork the orc
  4535 | D:5      | Killed Blork the orc
  4801 | D:5      | Reached XP level 8. HP: 56/65 MP: 8/8
  5133 | D:5      | Reached skill level 8 in Dodging
  5197 | D:5      | Found a burning altar of Makhleb.
  5259 | D:6      | Noticed Eustachio
  5522 | D:6      | Killed Eustachio
  5877 | D:6      | Noticed Edmund
  5937 | D:7      | Found Cumefeyr's Distillery.
  5953 | D:7      | Reached skill level 9 in Dodging
  6125 | D:7      | Bought a potion of curing for 42 gold pieces
  6205 | D:6      | Reached XP level 9. HP: 14/74 MP: 9/9
  6211 | D:6      | Noticed Pikel
  6217 | D:7      | Noticed Joseph
  6217 | D:7      | HP: 1/74 [Joseph/sling bullet (8)]
  6218 | D:7      | Found a staircase to the Ecumenical Temple.
  6287 | D:7      | You fall into a shaft and drop 1 floor!
  6303 | D:8      | Noticed Psyche
  6320 | D:8      | Killed Psyche
  6594 | D:8      | Reached skill level 10 in Dodging
  6642 | D:8      | Noticed Gastronok
  6731 | D:8      | Killed Gastronok
  6732 | D:8      | Reached skill level 10 in Long Blades
  6732 | D:8      | Reached skill level 11 in Dodging
  6732 | D:8      | Reached XP level 10. HP: 20/83 MP: 10/10
  7089 | D:8      | Noticed Prince Ribbit
  7101 | D:8      | Killed Prince Ribbit
  7310 | D:8      | Noticed Maurice
  7312 | D:8      | Identified the +0 scale mail "Liavu" {rN+ Str+8 Dex+6}
  7321 | D:8      | Killed Maurice
  7386 | D:8      | Found a shimmering altar of Xom.
  7708 | D:7      | Noticed Maggie
  7712 | Abyss:1  | Cast into level 1 of the Abyss (Maggie)
  7732 | Abyss:1  | Reached skill level 10 in Fighting
  7905 | Abyss:1  | Mangled by an alligator snapping turtle zombie

Illustrated notes

Levels and vault maps discovered:
D:1:      lightli_arrival_flooded_house, layout_basic
D:2:      layout_loops_ring, dreamdust_ecumenical_altar_grove, basic_altar
D:3:      layout_rooms, grunt_qazlal_sundering
D:4:      layout_basic, kennysheep_nondescript
D:5:      layout_basic, makhleb_grotto_becter,
          nicolae_concentric_dashed_squares_mild, uniq_blork_the_orc
D:6:      layout_rooms, nzn_wu_jian_council_hall, uniq_eustachio, uniq_pikel,
          uniq_edmund
D:7:      layout_loops_ring, lemuel_mausoleum_altar_yredelemnul,
          minmay_temple_entry_glass, serial_shops, shop, uniq_maggie,
          uniq_joseph
D:8:      layout_loops_ring, tgw_xom, serial_aquarium, aquarium_bridge_square
          [aquarium_subvault_bridge, aquarium_subvault_balcony,
          aquarium_subvault_bridge, aquarium_subvault_bridge],
          aquarium_bridge_long_joined [aquarium_subvault_bridge,
          aquarium_subvault_bridge, aquarium_subvault_balcony,
          aquarium_subvault_wall, aquarium_subvault_wall,
          aquarium_subvault_balcony], aquarium_window_corridor_3,
          aquarium_window_1, aquarium_window_1, aquarium_view_2a,
          uniq_prince_ribbit1, uniq_psyche, uniq_maurice, uniq_gastronok
Abyss:1:  base: D:8, minivault_26

Skill      XL: |  1  2  3  4  5  6  7  8  9 10 |
---------------+-------------------------------+-----
Long Blades    | 4 5 6 7 8 10 | 10.9
Fighting       | 4 5 6 7 9 10 | 10.0
Dodging        | 5 6 7 9 11 | 11.8

Action                     |  1- 3 |  4- 6 |  7- 9 | 10-12 || total
---------------------------+-------+-------+-------+-------++-------
  Melee: Falchion          |    95 |    41 |       |       ||   136
         Scimitar          |       |   106 |   268 |    20 ||   394
         Short sword       |       |       |       |    42 ||    42
         Punch             |       |       |       |     1 ||     1
  Throw: Dart              |       |     1 |    16 |     8 ||    25
  Evoke: Wand              |       |       |     2 |       ||     2
    Use: Potion            |       |       |     5 |     2 ||     7
         Scroll            |       |       |     2 |       ||     2
   Stab: Sleeping          |       |     1 |       |       ||     1
 Armour: Robe              |    13 |    19 |    83 |       ||   115
         Scale mail        |       |       |       |    11 ||    11
  Dodge: Dodged            |    99 |   109 |   361 |    66 ||   635
